Match 46488837
Unlisted

Match 46488837
End
Scout Squad
Construct Weapon Support Center
M1919 Machine Gun Team
Scout Squad
Engineer Squad
Scout Squad
Infantry Support Center
Bazooka Squad
M1919 Machine Gun Team
Construct Medical Station
Construct Motor Pool
Selects Armored Battlegroup
Selects Veteran Crews
Selects Fast Deploy
Selects Veteran Crews
M8 Greyhound Armored Car
M1 Anti-tank Gun Team
M1 Anti-tank Gun Team
M8 Greyhound Armored Car
M8 Greyhound Armored Car
M8 Greyhound Armored Car
M1919 Machine Gun Team
M8 Greyhound Armored Car
Selects M31 Recovery Vehicle
Selects War Machine
Construct Tank Depot
Selects Seek and Destroy
Selects UNKNOWN (2160077)
Engineer Squad
M18 Hellcat Tank Destroyer
M1 Anti-tank Gun Team
M1919 Machine Gun Team
Engineer Squad
M1919 Machine Gun Team
M18 Hellcat Tank Destroyer
Iceman
Cambro
0
0

Comments sign in to comment!

No comments posted yet!